 Dungeon Crawl Stone Soup version 0.19.1 (webtiles) character file.

99 Pixllover the Slasher (level 5, -3/34 HPs)
             Began as a Human Berserker on Nov 30, 2016.
             Was a Believer of Trog.
             Killed by nerve-wracking pain
             ... invoked by an orc priest
              (14 damage)
             ... on level 3 of the Dungeon.
             The game lasted 00:07:11 (1683 turns).

Pixllover the Slasher (Human Berserker)             Turns: 1683, Time: 00:07:11

Health: -3/34      AC:  3    Str: 18    XL:     5   Next: 2%
Magic:  5/5        EV: 12    Int:  6    God:    Trog [**....]
Gold:   54         SH:  0    Dex: 12    Spells: 0 memorised, 4 levels left

rFire  . . .     SeeInvis .     a - +0 falchion
rCold  . . .     Gourm    .     b - +0 animal skin
rNeg   . . .     Faith    .     (no shield)
rPois  .         Spirit   .     (no helmet)
rElec  .         Reflect  .     (no cloak)
rCorr  .         Harm     .     (no gloves)
MR     .....                    (no boots)
Stlth  ++........               (no amulet)
                                (no ring)
                                (no ring)

@: no status effects
A: talons 1, rugged brown scales 1, dopey 1, frail 2, MP-powered wands
a: Berserk, Trog's Hand, Burn Spellbooks, Renounce Religion


You were on level 3 of the Dungeon.
You worshipped Trog.
Trog was pleased with you.
You were not hungry.

You visited 1 branch of the dungeon, and saw 3 of its levels.

You collected 54 gold pieces.

Inventory:

Hand Weapons
 a - a +0 falchion (weapon)
Armour
 b - a +0 animal skin (worn)
Comestibles
 c - a bread ration


   Skills:
 + Level 3.9 Fighting
 + Level 4.1 Long Blades
 + Level 2.1 Armour
 + Level 2.3 Dodging
 + Level 0.9 Stealth


You had 4 spell levels left.
You didn't know any spells.

Dungeon Overview and Level Annotations

Branches:
Dungeon (3/15)

Altars:


Innate Abilities, Weirdness & Mutations

You have sharp toenails.
You are partially covered in rugged brown scales. (AC +1, +3% HP)
You are dopey. (Int -2)
You are very frail. (-20% HP)
You expend magic power (3 MP) to strengthen your wands.


Message History

The orc throws a stone.
The stone misses you.
A kobold comes into view. It is wielding a vampiric whip.
The kobold shouts!
The kobold throws a stone.
The stone barely misses you.
An orc comes into view. It is wielding a quarterstaff.
The orc shouts!
The orc moves out of view.
The orc priest calls down the wrath of Beogh upon you.
Pain shoots through your body!
The orc priest looks encouraged for a moment.
You slash the orc!
You kill the orc!
Trog accepts your kill.
The orc priest invokes the aid of Beogh against you.
Beogh smites you!
You aren't carrying any potions.
You closely miss the orc priest.
The orc priest mumbles some strange prayers to Beogh against you.
Pain shoots through your body!
You die...

#############++++#######
#.......................
##≈≈≈≈≈≈≈≈≈≈≈≈....≈≈≈≈≈≈≈
≈≈≈≈≈≈≈≈≈≈≈≈≈≈....≈≈≈≈≈≈≈
...≈≈≈≈≈≈≈≈≈≈≈≈≈≈≈≈≈≈≈....≈≈≈≈≈≈≈
....P............................
.......................)......#
.......##.#.###.@#..........#.#
............# ##oK..>.<.....#.#
.......#....####.....########.#
>......#.(.(....o....# #.#
.....).((......##.#..# #####.###
.......#.###.#.##....## #........
.#...†...# #....##....###........
.......### ##...##..#..##.......)
........ ##..(......##.....÷..


You could see an orc priest, an orc and a kobold.

Vanquished Creatures
  2 gnolls (D:3)
  2 adders
  2 dart slugs
  3 leopard geckos
  An orc (D:3)
  7 bats
  3 giant cockroaches
  7 goblins
  5 hobgoblins
  5 jackals
  A quokka (D:3)
  A ball python (D:2)
  4 frilled lizards
  5 kobolds
  5 rats
53 creatures vanquished.

Notes
Turn   | Place    | Note
-------+----------+-------------------------------------------
     0 | D:1      | Pixllover the Human Berserker began the quest for the Orb.
     0 | D:1      | Reached XP level 1. HP: 18/18 MP: 1/1
    35 | D:1      | Reached XP level 2. HP: 20/24 MP: 2/2
   347 | D:1      | Reached XP level 3. HP: 29/29 MP: 3/3
   468 | D:1      | You fall through a shaft!
   495 | D:2      | Gained mutation: You expend magic power (3 MP) to strengthen your wands. [potion of mutation]
   495 | D:2      | Gained mutation: You are partially covered in rugged brown scales. (AC +1, +3% HP) [potion of mutation]
   495 | D:2      | Gained mutation: You are frail. (-10% HP) [potion of mutation]
   565 | D:2      | Gained mutation: You have sharp toenails. [potion of mutation]
   565 | D:2      | Gained mutation: You are dopey. (Int -2) [potion of mutation]
   565 | D:2      | Gained mutation: You are very frail. (-20% HP) [potion of mutation]
   602 | D:2      | Reached ** piety under Trog
  1058 | D:2      | Reached XP level 4. HP: 30/30 MP: 4/4
  1269 | D:3      | Reached skill level 4 in Long Blades
  1640 | D:3      | Reached XP level 5. HP: 20/34 MP: 5/5
  1683 | D:3      | Killed from afar by an orc priest

Skill      XL: |  1  2  3  4 |
---------------+-------------+-----
Long Blades    | 4 |  4.1
Fighting       | |  3.9
Armour         | |  2.1
Dodging        | |  2.3
Stealth        | |  0.9

Action                   |  1- 3 |  4- 6 || total
-------------------------+-------+-------++-------
Melee: Falchion          |    87 |    41 ||   128
       Kick              |     5 |    10 ||    15
  Use: Scroll            |     1 |       ||     1
       Potion            |     4 |       ||     4
  Eat: Beef jerky        |     1 |       ||     1
       Chunk             |       |     1 ||     1
Armor: Animal skin       |    26 |    20 ||    46
Dodge: Dodged            |    63 |    57 ||   120
       Rpst.: Falchion   |    21 |    17 ||    38
